 Dungeon Crawl Stone Soup version 0.30-a0-121-gb27577e5d9 (webtiles) character file.

Game seed: 3354215845493533531

26 IdlyInterested the Grasshopper (level 2, -1/21 HPs)
             Began as a Demonspawn Wanderer on Sept 14, 2022.
             Slain by a gnoll
             ... wielding a +0 halberd
              (7 damage)
             ... on level 2 of the Dungeon.
             The game lasted 00:03:11 (1502 turns).

IdlyInterested the Grasshopper (DsWn)               Turns: 1502, Time: 00:03:12

Health: -1/21      AC:  5    Str: 10    XL:     2   Next: 89%
Magic:  3/3        EV: 11    Int: 12    God:
Gold:   72         SH:  0    Dex: 15    Spells: 2/3 levels left

rFire   . . .      SeeInvis .    a - +0 quarterstaff
rCold   . . .      Faith    .    (shield currently unavailable)
rNeg    . . .      Spirit   .    l - +0 leather armour
rPois   .          Reflect  .    n - +1 hat
rElec   .          Harm     .    (no cloak)
rCorr   .          Rampage  .    (no gloves)
Will    .....                    (no boots)
Stlth   +.........               (no amulet)
HPRegen 0.07/turn                (no ring)
MPRegen 0.08/turn                (no ring)

@: no status effects
A: rugged brown scales 1
a: no special abilities


You were on level 2 of the Dungeon.
You visited 1 branch of the dungeon, and saw 2 of its levels.

You collected 72 gold pieces.

Inventory:

Hand Weapons
 a - a +0 quarterstaff (weapon)
 g - a +0 dagger
 q - a +0 mace
Armour
 d - a +0 robe
 l - a +0 leather armour (worn)
 n - a +1 hat (worn)
Potions
 c - a potion of attraction
 h - a potion of curing
 j - a potion of lignification
 m - a potion of brilliance
 o - a potion of flight
Miscellaneous
 b - a piece from Xom's chessboard (15/15)


   Skills:
 + Level 1.1 Fighting
 * Level 2.3 Staves
 - Level 1.0 Armour
 * Level 1.0 Dodging
 - Level 1.0 Stealth
 - Level 1.0 Spellcasting
 + Level 0.7 Hexes
 - Level 2.6 Translocations
 - Level 2.0 Evocations


You had 2 spell levels left.
You knew the following spells:

 Your Spells              Type           Power      Damage    Failure   Level
a - Apportation           Tloc           14%        N/A       14%         1

Your spell library contained the following spells:

 Spells                   Type           Power      Damage    Failure   Level
 Portal Projectile        Hex/Tloc       8%         N/A       52%         3
 Iskenderun's Mystic Bla  Conj/Tloc      3%         2d3       93%         4
 Animate Dead             Necr           0%         N/A       99%         4
 Haunt                    Necr/Summ      0%         N/A       100%        7
 Infestation              Necr           0%         N/A       100%        8


Dungeon Overview and Level Annotations

Branches:
Dungeon (2/15)

Altars:


Innate Abilities, Weirdness & Mutations

You are partially covered in rugged brown scales. (AC +1, +3% HP)


Message History

The frilled lizard bites you but does no damage.
The frilled lizard attacks as you move away!
The frilled lizard bites you but does no damage.
You miss the frilled lizard. The frilled lizard misses you.
You closely miss the frilled lizard. The frilled lizard misses you.
You closely miss the frilled lizard. The frilled lizard misses you.
The frilled lizard closely misses you.
You sock the frilled lizard!
You kill the frilled lizard!
You aren't carrying any scrolls.
Okay, then.
An endoplasm comes into view.
The gnoll barely misses you.
You closely miss the gnoll. The gnoll barely misses you.
You barely miss the gnoll. The gnoll barely misses you.
The endoplasm hits you but does no damage.
You barely miss the gnoll. The gnoll hits you with a +0 spear.
The endoplasm closely misses you.
You hit the gnoll but do no damage. The endoplasm freezes you.
You are frozen.
The gnoll hits you with a +0 spear. The gnoll hits you but does no damage.
The endoplasm completely misses you.
You hit the gnoll but do no damage. The gnoll closely misses you.
The endoplasm hits you.
You hit the gnoll.
The gnoll is heavily wounded.
The gnoll barely misses you.
The endoplasm hits you but does no damage.
You sock the gnoll!
You kill the gnoll!
The endoplasm freezes you.
You are frozen.
* * * LOW HITPOINT WARNING * * *
Training target 1.0 for Armour reached!
Your Fighting skill increases to level 1!
Your Armour skill increases to level 1!
You barely miss the gnoll. The gnoll barely misses you.
The endoplasm closely misses you.
The gnoll hits you from afar with a +0 halberd!
You die...

..^# ........ ...#
...... #### ......
.... ...# #..
..##### #.# ....#
.g..... #J# .....#
....... #@# .....#
.g..... #g# .....+
..g.... #g###.....
....?.. #.........
.#.....###....####
......gg.†....#
.#.....###....#
#..... #....#
###### #....#


You could see 2 gnolls and an endoplasm.

Vanquished Creatures
  A gnoll (D:2)
  2 bats
  An endoplasm (D:1)
  A giant cockroach (D:2)
  4 goblins (D:1)
  A hobgoblin (D:1)
  3 ball pythons (D:1)
  A frilled lizard (D:2)
  A rat (D:1)
15 creatures vanquished.

Notes
Turn   | Place    | Note
-------+----------+-------------------------------------------
     0 | D:1      | IdlyInterested the Demonspawn Wanderer began the quest for
                  | the Orb.
     0 | D:1      | IdlyInterested set off with the following items: a +0
                  | quarterstaff, a piece from Xom's chessboard (15/15), a
                  | potion of attraction, a +0 robe; and the following spell
                  | memorised: Apportation; and the following spells available
                  | to memorise: Portal Projectile, Iskenderun's Mystic Blast.
     0 | D:1      | Reached XP level 1. HP: 13/13 MP: 2/2
   766 | D:1      | Gained mutation: You are partially covered in rugged brown
                  | scales. (AC +1, +3% HP) [demonic ancestry]
   766 | D:1      | Reached XP level 2. HP: 14/20 MP: 3/3
  1502 | D:2      | Reached skill level 1 in Fighting
  1502 | D:2      | Reached skill level 1 in Armour
  1502 | D:2      | Slain by a gnoll

Illustrated notes

Levels and vault maps discovered:
D:1:      dpeg_arrival_shrine, layout_basic, minmay_fountain_box
D:2:      layout_basic

Skill      XL: |  1  2 |
---------------+-------+-----
Staves         | 2 |  2.3
Fighting       | 1 |  1.1
Armour         | 1 |  1.0
Dodging        | |  1.0
Stealth        | |  1.0
Spellcasting   | |  1.0
Hexes          | |  0.7
Translocations | |  2.6
Evocations     | |  2.0

Action                   || total
-------------------------++-------
Melee: Quarterstaff      ||    48
  Use: Scroll            ||     7
       Potion            ||     1
 Stab: Sleeping          ||     2
Armor: Robe              ||     8
       Leather armour    ||     7
Dodge: Dodged            ||    28

Table legend: (Time is in decaauts)
 A = Elapsed time spent in this place.
 B = Non-inter-level travel time spent in this place.
 C = Inter-level travel time spent in this place.
 D = Time resting spent in this place.
 E = Time spent auto-exploring this place.
 F = Levels seen in this place.
 G = Mean time per level.
                   A        B        C        D        E       F      G
               +--------+--------+--------+--------+--------+-----+--------+
         Total |   1514 |   1413 |    101 |    453 |    747 |   2 |  757.0 |
       Dungeon |   1514 |   1413 |    101 |    453 |    747 |   2 |  757.0 |
               +--------+--------+--------+--------+--------+-----+--------+

Top non-repeatable levels by time:
     D:1: 1373 daAuts
     D:2: 141 daAuts
